 Dungeon Crawl Stone Soup version 0.30-a0-715-gdb4ae3ece1 (webtiles) character file.

Game seed: 18137475198823459649

81 Lobster4 the Shooter (level 4, -2/33 HPs)
             Began as a Human Wanderer on Jan 23, 2023.
             Frozen to death by an endoplasm (5 damage)
             ... on level 2 of the Dungeon.
             The game lasted 00:02:24 (968 turns).

Lobster4 the Shooter (Human Wanderer)                Turns: 968, Time: 00:02:25

Health: -2/33      AC:  6    Str: 14    XL:     4   Next: 68%
Magic:  4/4        EV: 10    Int:  9    God:
Gold:   0          SH:  0    Dex: 16    Spells: 3/3 levels left

rFire   . . .      SeeInvis .    a - +2 sling
rCold   . . .      Faith    .    (no shield)
rNeg    . . .      Spirit   .    c - +0 scale mail
rPois   .          Reflect  .    (no helmet)
rElec   .          Harm     .    (no cloak)
rCorr   .          Rampage  .    (no gloves)
Will    .....                    (no boots) Stlth
                                 (no amulet)
HPRegen 0.25/turn                (no ring)
MPRegen 0.09/turn                (no ring)

@: no status effects
A: no striking features
a: no special abilities


You were on level 2 of the Dungeon.
You visited 1 branch of the dungeon, and saw 2 of its levels.

Inventory:

Hand Weapons
 a - a +2 sling (weapon)
 b - a +0 mace
Armour
 c - a +0 scale mail (worn)
 i - a +1 robe of positive energy
Scrolls
 e - a scroll of torment {unknown}
 f - a scroll of teleportation {unknown}
Potions
 d - a potion of might
 g - a potion of ambrosia {unknown}
 h - 2 potions of haste {unknown}


   Skills:
 + Level 1.6 Fighting
 - Level 3.0 Maces & Flails
 + Level 3.6 Ranged Weapons
 + Level 3.6 Armour
 + Level 2.1 Dodging


You had 3 spell levels left.
You didn't know any spells.
Your spell library was empty.

Dungeon Overview and Level Annotations

Branches:
Dungeon (2/15)

Altars:


Message History

The ball python is severely wounded.
The jackal bites you. The ball python barely misses you.
The ball python constricts you. The endoplasm freezes you.
You are frozen.
The goblin hits you with a +4 dagger of speed.
The jackal bites you. The ball python bites you.
The ball python constricts you. The goblin hits you but does no damage.
The endoplasm barely misses you.
You shoot a sling bullet. The sling bullet hits the ball python.
You kill the ball python!
The jackal closely misses you. The goblin completely misses you.
The jackal bites you but does no damage.
The endoplasm freezes you.
You are frozen.
The goblin hits you but does no damage.
You shoot a sling bullet.
The sling bullet barely misses the endoplasm.
The jackal bites you but does no damage.
The goblin hits you but does no damage.
The endoplasm hits you but does no damage.
The jackal barely misses you.
The goblin hits you with a +4 dagger of speed.
You shoot a sling bullet.
The sling bullet barely misses the goblin.
The jackal closely misses you. The endoplasm freezes you.
You are frozen.
The goblin hits you with a +4 dagger of speed.
* * * LOW HITPOINT WARNING * * *
The jackal bites you but does no damage.
The goblin closely misses you. The endoplasm freezes you.
You are frozen.
* * * LOW HITPOINT WARNING * * *
You shoot a sling bullet. The sling bullet hits the goblin.
You kill the goblin!
The jackal closely misses you. The jackal barely misses you.
The endoplasm freezes you.
You are frozen.
You die...

## #P # ##.
#...#.P####
#.....J@h.#
.......†).#
#...........#
#........)#....
..#...##.⌠. ...
#..... ..#. ..
...... #...# .
.....# ....


You could see an endoplasm and a jackal.

Vanquished Creatures
  Jessica (D:1)
  An adder (D:1)
  A dart slug (D:1)
  3 bats (D:1)
  4 endoplasms (D:1)
  3 giant cockroaches (D:1)
  3 goblins
  7 hobgoblins (D:1)
  A jackal (D:1)
  A quokka (D:1)
  4 ball pythons
  5 frilled lizards (D:1)
  6 kobolds (D:1)
  2 rats (D:1)
42 creatures vanquished.

Notes
Turn   | Place    | Note
-------+----------+-------------------------------------------
     0 | D:1      | Lobster4 the Human Wanderer began the quest for the Orb.
     0 | D:1      | Lobster4 set off with the following items: a +2 sling, a +0
                  | mace, a +0 scale mail, a potion of might.
     0 | D:1      | Reached XP level 1. HP: 13/13 MP: 1/1
   104 | D:1      | Reached XP level 2. HP: 20/20 MP: 2/2
   262 | D:1      | Reached XP level 3. HP: 15/25 MP: 3/3
   265 | D:1      | Reached skill level 1 in Fighting
   869 | D:2      | Noticed Jessica
   881 | D:1      | Killed Jessica
   882 | D:1      | Reached XP level 4. HP: 13/32 MP: 4/4
   968 | D:2      | Frozen to death by an endoplasm

Illustrated notes

Levels and vault maps discovered:
D:1:      ncdulo_smallfort, layout_basic, minmay_misc_feat_doors
D:2:      layout_rooms, dreamdust_ecumenical_altar_hidden_monk_grotto,
          serial_shops, nicolae_shop_hallway_plus, hangedman_feature_mirror,
          hex_intersection, uniq_sigmund, uniq_jessica

Skill      XL: |  1  2  3 |
---------------+----------+-----
Fighting       | 1 |  1.6
Dodging        | 2 |  2.1
Maces & Flails | |  3.0
Ranged Weapons | |  3.6
Armour         | |  3.6

Action                     |  1- 3 |  4- 6 || total
---------------------------+-------+-------++-------
   Fire: Sling             |   107 |    10 ||   117
 Armour: Scale mail        |    45 |    16 ||    61
  Dodge: Dodged            |    49 |    15 ||    64

Table legend: (Time is in decaauts)
 A = Elapsed time spent in this place.
 B = Non-inter-level travel time spent in this place.
 C = Inter-level travel time spent in this place.
 D = Time resting spent in this place.
 E = Time spent auto-exploring this place.
 F = Levels seen in this place.
 G = Mean time per level.
                   A        B        C        D        E       F      G
               +--------+--------+--------+--------+--------+-----+--------+
         Total |   1022 |    964 |     58 |     69 |    677 |   2 |  511.0 |
       Dungeon |   1022 |    964 |     58 |     69 |    677 |   2 |  511.0 |
               +--------+--------+--------+--------+--------+-----+--------+

Top non-repeatable levels by time:
     D:1: 1005 daAuts
     D:2: 16 daAuts
